cohdb
Replays
Latest Replays
All Replays
Popular Replays
Top Player Replays
Match Explorer
How It Works
Community
CoH3 Stats
Reddit
Sign in to upload your games and track your stats! →
Sign in with Steam
Match 39346142
Unlisted
Match 39346142
Overview
Messages
Build Orders
End
Construct Section Command Post
Infantry Section
Dingo Light Scout Car
Infantry Section
Infantry Section
Grenade Package
Vickers Machine Gun Team
Construct Platoon Command Post
Selects Air and Sea Battlegroup
Selects Air and Sea Battlegroup
Selects Commando Section Paradrop
Selects M1 Pack Howitzer Paradrop
M1 Pack Howitzer Paradrop
6-pounder Anti-tank Gun Team
Vickers Machine Gun Team
Construct Company Command Post
Selects Incendiary Bombing Run
Matilda II Heavy Tank
Matilda II Heavy Tank
Royal Engineer Section
Incendiary Bombing Run
Groovy
Futte
sergio
thehitman0
Nuclear Viking
Katunar
403671774
alexbrundin
0
0
Comments
sign in to comment!
No comments posted yet!